 Dungeon Crawl Stone Soup version 0.25-a0-576-g50b708a4c4 (webtiles) character file.

Game seed: 13825119044595141850, levelgen mode: deterministic

483 Eurus the Conjurer (level 6, 0/41 HPs)
             Began as a Mummy Conjurer on Mar 1, 2020.
             Was an Initiate of Ashenzari.
             Shot with an arrow by a centaur (5 damage)
             ... on level 5 of the Dungeon.
             The game lasted 00:13:26 (5959 turns).

Eurus the Conjurer (Mummy Conjurer)                 Turns: 5959, Time: 00:13:27

Health: 0/41       AC:  3    Str: 11    XL:     6   Next: 88%
Magic:  9/13       EV: 12    Int: 17    God:    Ashenzari [......]
Gold:   155        SH:  0    Dex: 14    Spells: 12/15 levels left

rFire    x . .     SeeInvis .   l - +2 dagger (freeze)
rCold    + . .     Gourm    .   (no shield)
rNeg     + + +     Faith    .   a - +0 robe
rPois    ∞         Spirit   .   (no helmet)
rElec    .         Reflect  .   (no cloak)
rCorr    .         Harm     .   (no gloves)
MR       .....                  e - +0 pair of boots
Stlth    +++.......             (no amulet)
HPRegen  0.13/turn              k - +2 ring of dexterity
MPRegen  0.13/turn              c - ring of stealth

@: no status effects
A: no food or potions, fire vulnerability, cold resistance 1, negative energy
resistance 3, torment resistance, unbreathing
a: Curse Item, Renounce Religion


You were on level 5 of the Dungeon.
You worshipped Ashenzari.
Ashenzari was noncommittal.
You were not hungry.

You visited 2 branches of the dungeon, and saw 6 of its levels.

You collected 155 gold pieces.

Inventory:

Hand Weapons
 l - a +2 dagger of freezing (weapon)
Armour
 a - a +0 robe (worn)
 e - a +0 pair of boots (worn)
 h - a +0 kite shield
Magical Staves
 n - an uncursed staff of wizardry
Jewellery
 c - a ring of stealth (right hand)
 k - a +2 ring of dexterity (left hand)
Scrolls
 b - a scroll of magic mapping {unknown}
 d - a scroll of immolation {unknown}
 f - 2 scrolls of blinking
 g - 4 scrolls of identify
 i - a scroll of enchant armour {unknown}
 j - 2 scrolls of remove curse
 m - a scroll of enchant weapon {unknown}


   Skills:
 - Level 1.5 Dodging
 - Level 1.5 Stealth
 * Level 2.3 Shields
 + Level 5.1 Spellcasting
 * Level 5.5 Conjurations


You had 12 spell levels left.
You knew the following spells:

 Your Spells              Type           Power        Failure   Level  Hunger
a - Magic Dart            Conj           ###.         1%          1    N/A
b - Searing Ray           Conj           ###...       2%          2    N/A

Your spell library contained the following spells:

 Spells                   Type           Power        Failure   Level  Hunger
 Dazzling Flash           Conj/Hex       ##....       14%         3    N/A
 Fulminant Prism          Conj/Hex       ##........   41%         4    N/A
 Iskenderun's Mystic Bla  Conj/Tloc      ##......     41%         4    N/A

Dungeon Overview and Level Annotations

Branches:
Dungeon (5/15)             Temple (1/1) D:5

Altars:
Ashenzari
Kikubaaqudgha
Trog
Wu Jian

Annotations:
D:4 Duvessa


Innate Abilities, Weirdness & Mutations

You do not eat or drink.
Your flesh is vulnerable to fire.
You are immune to poison.
Your flesh is cold resistant. (rC+)
You are immune to negative energy. (rN+++)
You are immune to unholy pain and torment.
You can survive without breathing.


Message History

You start resting.
The centaur shoots an arrow.
The arrow barely misses you.
Casting: Magic Dart (safe; 1% risk of failure)
Confirm with . or Enter, or press ? or * to list all spells.
Aiming: Searing Ray (safe; 2% risk of failure)
Press: ? - help, Shift-Dir - straight line, f/p - centaur
Aim: a centaur, wielding a +0 shortbow and quivering 18 arrows The searing ray hits the centaur.
The centaur is moderately wounded. (Press . to maintain the ray.)
The centaur shoots an arrow.
The arrow hits you!
The searing ray hits the centaur!
The centaur is severely wounded.
The centaur shoots an arrow.
The arrow hits you!
The searing ray hits the centaur.
The centaur is almost dead.
The centaur shoots an arrow.
The arrow hits you!
* * * LOW HITPOINT WARNING * * *
The centaur shoots an arrow.
The arrow hits you.
You die...

### #.$ #.# #.#
######.#
###....#.#######
#.>......c(...c.
#......#(######
#......#@#
#......#.#
##.#####.# #.# #.#
#.#####.######
#.............
#####.....#.
#.....#+############
#..†.....##.........


You could see a centaur.

Vanquished Creatures
  An ogre (D:4)
  Dowan (D:4)
  2 hounds (D:4)
  An orc wizard (D:5)
  3 worker ants
  6 adders
  3 gnolls (D:2)
  A shadow imp (D:5)
  An ooze (D:2)
  An adder skeleton (D:4)
  3 leopard geckos
  14 orcs
  2 ball pythons (D:1)
  4 bats
  2 giant cockroaches (D:2)
  6 goblins
  4 hobgoblins
  7 jackals
  4 kobolds
  4 quokkas
  10 frilled lizards
  A leopard gecko skeleton (D:4)
  2 rats
83 creatures vanquished.

Vanquished Creatures (others)
  5 plants (D:3)
5 creatures vanquished.

Grand Total: 88 creatures vanquished

Notes
Turn   | Place    | Note
-------+----------+-------------------------------------------
     0 | D:1      | Eurus the Mummy Conjurer began the quest for the Orb.
     0 | D:1      | Reached XP level 1. HP: 13/13 MP: 4/4
   416 | D:1      | Reached XP level 2. HP: 19/19 MP: 4/6
   797 | D:1      | Learned a level 2 spell: Searing Ray
  1040 | D:2      | Reached XP level 3. HP: 24/24 MP: 3/7
  1261 | D:2      | Found an ornate altar of the Wu Jian Council.
  1263 | D:2      | Found a bloodstained altar of Trog.
  1609 | D:2      | Reached XP level 4. HP: 30/30 MP: 4/9
  2532 | D:3      | Reached skill level 1 in Shields
  2632 | D:3      | Reached XP level 5. HP: 32/35 MP: 8/11
  3259 | D:4      | Noticed Duvessa
  3259 | D:4      | Noticed Dowan
  3501 | D:4      | Found a shattered altar of Ashenzari.
  3507 | D:4      | Became a worshipper of Ashenzari the Shackled
  3631 | D:4      | Found an ancient bone altar of Kikubaaqudgha.
  4368 | D:5      | Entered Level 5 of the Dungeon
  4369 | D:5      | Noticed an ogre
  4403 | D:4      | Killed Dowan
  4403 | D:4      | Reached skill level 5 in Conjurations
  4594 | D:5      | Noticed an orc warrior
  4949 | D:4      | Killed an ogre
  4949 | D:4      | Reached XP level 6. HP: 41/41 MP: 7/13
  5615 | D:5      | Reached skill level 5 in Spellcasting
  5721 | D:5      | Found a staircase to the Ecumenical Temple.
  5767 | Temple   | Entered the Ecumenical Temple
  5959 | D:5      | Shot with an arrow by a centaur

Levels and vault maps discovered:
D:1:      evilmike_arrival_home_sweet_home, layout_basic, minivault_4
D:2:      layout_basic, minitemple, first_ration
D:3:      layout_basic, minmay_lizard_king
D:4:      layout_basic, nicolae_overflow_hidden_temple, evilmike_ruin_ashenzari,
          uniq_duvessa
D:5:      layout_basic, temple_statues, led_sif_pool
Temple:   eino_temple_scatter_basement

Skill      XL: |  1  2  3  4  5  6 |
---------------+-------------------+-----
Spellcasting   | 3 4 5 |  5.1
Conjurations   | 4 5 |  5.5
Shields        | 1 2 |  2.3
Dodging        | |  1.5
Stealth        | |  1.5

Action                   |  1- 3 |  4- 6 || total
-------------------------+-------+-------++-------
Melee: Dagger            |    19 |    49 ||    68
 Cast: Magic Dart        |    47 |    59 ||   106
       Searing Ray       |     3 |    25 ||    28
  Use: Scroll            |       |     3 ||     3
Armor: Robe              |     6 |    15 ||    21
Dodge: Dodged            |    19 |    70 ||    89

Table legend:
 A = Non-vault XP
 B = Vault XP
 C = Vault XP percentage of total XP
 D = Non-vault monster count
 E = Vault monster count
 F = Vault count percentage of total count
                 A         B        C        D         E       F
            +---------+---------+-------+---------+---------+-------
      Total |     611 |      80 |  11.6 |      73 |      10 |  12.0
            +---------+---------+-------+---------+---------+-------
        D:1 |      20 |       0 |   0.0 |      12 |       0 |   0.0
        D:2 |     120 |       0 |   0.0 |      19 |       0 |   0.0
        D:3 |      89 |      11 |  11.0 |      24 |       9 |  27.3
        D:4 |     235 |      69 |  22.7 |       8 |       1 |  11.1
        D:5 |     147 |       0 |   0.0 |      10 |       0 |   0.0
            +---------+---------+-------+---------+---------+-------
